 Dungeon Crawl Stone Soup version 0.25-a0-189-gf71692caf1 (webtiles) character file.

Game seed: 18325984079892245160, levelgen mode: classic

5867 EnegeticOcto the Thaumaturge (level 10, -2/73 HPs)
             Began as a Spriggan Necromancer on Nov 29, 2019.
             Was a High Priest of Okawaru.
             Shot with an arrow by a centaur (3 damage)
             ... on level 10 of the Dungeon.
             The game lasted 00:32:36 (14090 turns).

EnegeticOcto the Thaumaturge (SpNe)                Turns: 14090, Time: 00:32:36

Health: -2/73      AC: 25    Str:  7    XL:     10   Next: 52%
Magic:  17/23      EV:  4    Int: 19    God:    Okawaru [*****.]
Gold:   254        SH:  9    Dex: 18    Spells: 18/25 levels left

rFire    . . .     SeeInvis +   a - +2 dagger (venom)
rCold    . . .     Gourm    .   i - +1 buckler
rNeg     + + +     Faith    .   (armour currently unavailable)
rPois    +         Spirit   .   (helmet currently unavailable)
rElec    .         Reflect  .   (cloak currently unavailable)
rCorr    .         Harm     .   (gloves unavailable)
MR       +....     NoTele   +   (boots unavailable)
Stlth    ++++......             m - amulet "Pocoussi" {Acrobat Int+3}
HPRegen  0.22/turn              (no ring)
MPRegen  0.18/turn              (no ring)

@: tree-form
A: very small, unfitting armour, see invisible, herbivore, slow metabolism 2
a: Heroism, Finesse, Renounce Religion


You were on level 10 of the Dungeon.
You worshipped Okawaru.
Okawaru was extremely pleased with you.
You were not hungry.
You were a tree.
You visited 2 branches of the dungeon, and saw 11 of its levels.

You collected 530 gold pieces.
You spent 276 gold pieces at shops.

Inventory:

Hand Weapons
 a - a +2 dagger of venom (weapon)
 b - a +0 hunting sling of flaming
 p - a +2 dagger of draining
 I - the +5 mace "Vucles" {antimagic, Str+6}
   (You found it on level 7 of the Dungeon)

   It reduces the magical energy of the wielder, and disrupts the spells and
   magical abilities of those hit.
   Natural abilities and divine invocations are not affected.
   It affects your strength (+6).
Missiles
 d - 13 boomerangs (quivered)
 h - 18 sling bullets
 q - 261 stones
 t - 45 bolts
Armour
 f - a +0 robe (melded)
 i - a +1 buckler (worn)
 D - a +0 cloak
 G - a scarf of cloud immunity (melded)
Jewellery
 m - the amulet "Pocoussi" (around neck) {Acrobat Int+3}
   (You found it on level 7 of the Dungeon)

   [amulet of the acrobat]

   It helps you evade while moving and waiting.
   It affects your intelligence (+3).
 H - an uncursed ring of fire
Wands
 w - a wand of paralysis (4)
 E - a wand of flame (26)
Scrolls
 c - a scroll of enchant armour
 g - 3 scrolls of fear {!r}
 j - 5 scrolls of teleportation {@r3 !r}
 n - 3 scrolls of remove curse {@r2}
 o - 4 scrolls of amnesia
 u - a scroll of immolation
 x - a scroll of fog {!r}
 y - a scroll of random uselessness {unknown}
 K - a scroll of summoning {unknown}
Potions
 k - a potion of resistance
 l - 4 potions of haste {@q4 !q}
 r - a potion of flight
 s - a potion of magic
 v - a potion of lignification {@q6}
 z - a potion of curing {@q1 !q}
 A - a potion of agility {@q5 !q}
 B - 4 potions of might {@q3 !q}
 C - 2 potions of cancellation
 F - 2 potions of invisibility
 J - a potion of ambrosia {unknown}
Comestibles
 e - 22 rations


   Skills:
 + Level 3.4 Fighting
 + Level 7.7 Slings
 + Level 4.7 Dodging
 + Level 7.5 Stealth
 + Level 5.6 Shields
 - Level 8.0 Spellcasting
 + Level 5.6 Charms
 - Level 5.0 Necromancy
 + Level 4.4 Invocations
 + Level 4.9 Evocations


You had 18 spell levels left.
You knew the following spells:

 Your Spells              Type           Power        Failure   Level  Hunger
a - Pain                  Necr           ####         1%          1    None
b - Vampiric Draining     Necr           ####......   3%          3    None
T - Regeneration          Chrm/Necr      ####......   3%          3    None

Your spell library contained the following spells:

 Spells                   Type           Power        Failure   Level  Hunger
 Animate Skeleton         Necr           N/A          1%          1    None
 Animate Dead             Necr           N/A          13%         4    ###....


Dungeon Overview and Level Annotations

Branches:
Dungeon (10/15)            Temple (1/1) D:5
   Lair: D:8-11         Orc: D:9-12

Altars:
Ashenzari
Cheibriados
Dithmenos
Elyvilon
Fedhas
Gozag
Hepliaklqana
Kikubaaqudgha
Makhleb
Nemelex Xobeh
Okawaru
Qazlal
Ru
Sif Muna
Trog
Uskayaw
Vehumet
Wu Jian
Xom
Yredelemnul
Zin
The Shining One
Beogh

Shops:
D:4 %}!   D:5 *   D:10 !

Annotations:
D:8 Harold
D:9 Erica


Innate Abilities, Weirdness & Mutations

You are very small and have problems with some larger weapons.
You are too small for most types of armour.
You have supernaturally acute eyesight. (SInv)
You are a herbivore.
((You cover ground extremely quickly.))
You need to consume almost no food.


Message History

You hit the orc warrior but do no damage.
The orc warrior is poisoned.
The orc warrior is moderately wounded.
The orc warrior completely misses you.
You hit the orc warrior.
The orc warrior looks as sick as possible!
The orc warrior is moderately wounded.
You hit the orc warrior.
The orc warrior is heavily wounded.
The orc warrior closely misses you.
You hit the orc warrior but do no damage.
The orc warrior looks as sick as possible!
The orc warrior is heavily wounded.
You block the orc warrior's attack.
You barely miss the orc warrior.
The orc warrior is heavily wounded.
The orc warrior barely misses you.
The orc shouts!
You hit the orc warrior.
The orc warrior is severely wounded.
The orc warrior hits you with a +0 scimitar!!
Casting: Pain (safe; 1% risk of failure)
Confirm with . or Enter, or press ? or * to list all spells.
Your skin crawls.
Casting: Regeneration (safe; 3% risk of failure)
Confirm with . or Enter, or press ? or * to list all spells.
Aiming: Pain (safe; 1% risk of failure)
Press: ? - help, Shift-Dir - straight line, f/p - orc warrior
Aim: an orc warrior, wielding a +0 scimitar and wearing a +0 chain mail (almost dead, very poisoned, chance to defeat MR: 84%)
The orc warrior barely resists.
You kill the orc warrior!
Okawaru accepts your kill.
Casting: Pain (safe; 1% risk of failure)
Confirm with . or Enter, or press ? or * to list all spells.
Aiming: Pain (safe; 1% risk of failure)
Press: ? - help, Shift-Dir - straight line, f - orc
Aim: an orc, wielding a +0 dagger and wearing a +0 chain mail (chance to defeat MR: 93%)
The orc writhes in agony.
You closely miss the orc.
The orc is heavily wounded.
You block the orc's attack.
You hit the orc but do no damage.
The orc is poisoned.
The orc is heavily wounded.
The orc closely misses you.
You hit the orc but do no damage.
The orc is severely wounded.
You block the orc's attack.
You hit the orc but do no damage.
The orc looks even sicker.
The orc is severely wounded.
You block the orc's attack.
You hit the orc but do no damage.
The orc looks as sick as possible!
The orc is severely wounded.
Your skin is crawling a little less now.
You kill the orc!
Okawaru accepts your kill.
Evoke which item? (* to show all) (? for menu, Esc to quit)
Okay, then.
You barely miss the orc warrior. You block the orc warrior's attack.
You closely miss the orc warrior.
The orc warrior hits you with a +0 short sword!
You barely miss the orc warrior.
A centaur comes into view.
The orc warrior hits you with a +0 short sword!
Casting: Pain (safe; 1% risk of failure)
Confirm with . or Enter, or press ? or * to list all spells.
Aiming: Vampiric Draining (safe; 3% risk of failure)
Press: ? - help, Shift-Dir - straight line, f - orc warrior
Aim: an orc warrior, wielding a +0 short sword and wearing a +6 plate armour of ponderousness
Okay, then.
Casting: Vampiric Draining (safe; 3% risk of failure)
Confirm with . or Enter, or press ? or * to list all spells.
Aiming: Vampiric Draining (safe; 3% risk of failure)
Press: ? - help, Shift-Dir - straight line, f - orc warrior
Aim: an orc warrior, wielding a +0 short sword and wearing a +6 plate armour of ponderousness The orc warrior is moderately wounded.
You feel life coursing into your body.
The centaur shouts!
Your skin stops crawling.
The centaur wields a +0 shortbow.
The centaur shoots an arrow.
You block the arrow.
The orc warrior hits you with a +0 short sword!
* * * LOW HITPOINT WARNING * * *
Really quaff the potion of lignification?
You turn into a tree.
Your scarf of cloud immunity melds into your body.
Your +0 robe melds into your body.
You feel vulnerable to the effects of clouds.
Your roots penetrate the ground.
The orc warrior hits you with a +0 short sword!
* * * LOW HITPOINT WARNING * * *
The centaur shoots an arrow.
The arrow hits you but does no damage.
Okay, then.
Casting: Vampiric Draining (safe; 3% risk of failure)
Confirm with . or Enter, or press ? or * to list all spells.
Aiming: Pain (safe; 1% risk of failure)
Press: ? - help, Shift-Dir - straight line, f/p - orc warrior
Aim: an orc warrior, wielding a +0 short sword and wearing a +6 plate armour of ponderousness (moderately wounded, chance to defeat MR: 84%)
The orc warrior writhes in agony.
The centaur shoots an arrow.
The arrow hits you.
You die...

############# ##∩.∩>.......#
#### #(......<....## ...#
#.∩.∩........... ...#
######....c.......###
##.##########ooo♣...####.######
o#.oo((o.ooooo####### #..#
o#.############ #######..# o..#
#...#...####### o###
#####.............. o
........###.####### #
####....###.# #.####...# ..
#.###


You could see an orc warrior, a centaur and 7 orcs.

Vanquished Creatures
  A two-headed ogre (D:9)
  A troll (D:9)
  Grinder (D:6)
  2 hippogriffs
  2 soldier ants (D:8)
  2 orc warriors
  A sky beast (D:6)
  3 black bears
  3 ice beasts
  8 ogres
  A necrophage (D:8)
  5 centaurs
  Blork the orc (D:4)
  5 bullfrogs
  A gnoll sergeant (D:5)
  A scorpion (D:7)
  A wyvern skeleton (D:6)
  3 killer bees (D:7)
  4 crimson imps
  2 bullfrog zombies (D:8)
  3 gnoll shamans
  6 hounds
  2 orc priests
  A centaur skeleton (D:7)
  3 bullfrog skeletons
  A jelly (D:8)
  Crazy Yiuf (D:5)
  Natasha (thrice) (D:4)
  5 orc wizards
  8 worker ants
  A howler monkey zombie (D:6)
  A mummy (D:5)
  Robin (D:2)
  19 gnolls
  13 adders
  3 adder skeletons
  2 worms
  3 dart slugs
  3 leopard geckos
  37 orcs
  A ball python (D:2)
  9 bats
  A bat skeleton (D:2)
  A bat zombie (D:2)
  7 giant cockroaches
  13 goblins
  12 hobgoblins
  2 jackals (D:1)
  7 quokkas
  7 frilled lizards
  A giant cockroach zombie (D:2)
  A jackal zombie (D:2)
  4 kobolds
  A leopard gecko skeleton (D:2)
  A leopard gecko zombie (D:2)
  7 rats
239 creatures vanquished.

Notes
Turn   | Place    | Note
-------+----------+-------------------------------------------
     0 | D:1      | EnegeticOcto the Spriggan Necromancer began the quest for
                  | the Orb.
     0 | D:1      | Reached XP level 1. HP: 9/9 MP: 5/5
   613 | D:1      | Reached XP level 2. HP: 10/13 MP: 2/6
  1268 | D:1      | Reached skill level 5 in Stealth
  1955 | D:2      | Reached skill level 3 in Spellcasting
  1955 | D:2      | Reached XP level 3. HP: 16/16 MP: 6/8
  2093 | D:2      | Learned a level 3 spell: Vampiric Draining
  2097 | D:2      | Learned a level 3 spell: Regeneration
  2403 | D:2      | Reached XP level 4. HP: 13/21 MP: 5/10
  2625 | D:2      | Noticed Robin
  2820 | D:2      | Killed Robin
  3105 | D:2      | Found a sacrificial altar of Ru.
  3332 | D:2      | Reached skill level 1 in Shields
  3478 | D:3      | Reached skill level 4 in Spellcasting
  3974 | D:3      | Reached XP level 5. HP: 22/24 MP: 8/12
  4382 | D:4      | Noticed a phantom
  4397 | D:4      | Noticed Blork the orc
  4462 | D:4      | Noticed Natasha
  4469 | D:4      | Killed Natasha
  4469 | D:4      | Reached skill level 1 in Charms
  4650 | D:4      | Found a burning altar of Makhleb.
  4715 | D:4      | Noticed Natasha
  4728 | D:4      | Killed Natasha
  4824 | D:4      | Killed Blork the orc
  4824 | D:4      | Reached XP level 6. HP: 14/28 MP: 0/13
  4966 | D:4      | Noticed Natasha
  5139 | D:4      | Killed Natasha
  5288 | D:4      | Found Lyrhoit's Food Shoppe.
  5441 | D:4      | Found Pemam Rutem's Gadget Shop.
  5446 | D:4      | Bought a wand of paralysis (3) for 60 gold pieces
  5467 | D:4      | Reached skill level 5 in Spellcasting
  5674 | D:4      | Found Muthefas's Distillery.
  5918 | D:4      | Found a blossoming altar of Fedhas.
  5920 | D:4      | Found a shadowy altar of Dithmenos.
  5927 | D:4      | Found an ornate altar of the Wu Jian Council.
  5977 | D:4      | Bought a potion of lignification for 36 gold pieces
  5977 | D:4      | Bought a potion of curing for 36 gold pieces
  5977 | D:4      | Bought a potion of agility for 48 gold pieces
  6192 | D:5      | Entered Level 5 of the Dungeon
  6219 | D:5      | Reached skill level 5 in Necromancy
  6223 | D:5      | Found a staircase to the Ecumenical Temple.
  6334 | D:5      | Reached XP level 7. HP: 29/32 MP: 11/15
  6420 | D:5      | Reached skill level 1 in Evocations
  6608 | Temple   | Entered the Ecumenical Temple
  6660 | Temple   | Became a worshipper of Warmaster Okawaru
  6795 | D:5      | Reached skill level 1 in Slings
  6867 | D:5      | Reached skill level 1 in Fighting
  7148 | D:5      | Found a runed translucent door.
  7149 | D:5      | Noticed Crazy Yiuf
  7155 | D:5      | Killed Crazy Yiuf
  7246 | D:5      | Found a snail-covered altar of Cheibriados.
  7311 | D:5      | Reached skill level 5 in Charms
  7606 | D:5      | Found Vutuk's General Store.
  7890 | D:6      | Reached * piety under Okawaru
  7925 | D:6      | Reached XP level 8. HP: 25/37 MP: 11/17
  8198 | D:6      | Reached skill level 6 in Spellcasting
  8359 | D:6      | Noticed Grinder
  8375 | D:6      | Killed Grinder
  8382 | D:6      | Reached ** piety under Okawaru
  8726 | D:6      | Reached XP level 9. HP: 42/43 MP: 20/20
  8987 | D:6      | Reached skill level 1 in Invocations
  9095 | D:6      | Reached skill level 7 in Spellcasting
  9149 | D:6      | Found a basalt altar of Yredelemnul.
  9149 | D:6      | Found a stormy altar of Qazlal.
  9154 | D:6      | Found a faded altar of an unknown god.
  9156 | D:6      | Found a faded altar of an unknown god.
  9157 | D:6      | Found a sparkling altar of Nemelex Xobeh.
  9329 | D:7      | Got a sparkling tin amulet
  9342 | D:7      | Identified the amulet "Pocoussi" {Acrobat Int+3} (You found
                  | it on level 7 of the Dungeon)
  9855 | D:7      | Reached *** piety under Okawaru
 10156 | D:7      | Got a scorched mace
 10162 | D:7      | Reached skill level 5 in Slings
 10163 | D:7      | Identified the +5 mace "Vucles" {antimagic, Str+6} (You
                  | found it on level 7 of the Dungeon)
 10903 | D:8      | Noticed Harold
 11049 | D:8      | Found a glowing golden altar of the Shining One.
 11122 | D:8      | Reached skill level 8 in Spellcasting
 12378 | D:8      | Reached XP level 10. HP: 44/49 MP: 20/23
 12532 | D:8      | Reached **** piety under Okawaru
 12536 | D:8      | Reached skill level 5 in Shields
 13000 | D:9      | Noticed a two-headed ogre
 13579 | D:9      | Noticed Erica
 13793 | D:9      | Killed a two-headed ogre
 13793 | D:9      | Reached ***** piety under Okawaru
 13976 | D:10     | Entered Level 10 of the Dungeon
 14002 | D:10     | Found Ezet's Distillery.
 14014 | D:10     | Bought a potion of invisibility for 96 gold pieces
 14047 | D:10     | Found a roughly hewn altar of Beogh.
 14089 | D:10     | HP: 1/73 [orc warrior/+0 short sword (9)]
 14090 | D:10     | Shot with an arrow by a centaur

Levels and vault maps discovered:
D:1:      tarquinn_simple_flora_water_f, layout_basic
D:2:      layout_rooms, nicolae_overflow_hidden_temple, serial_undead,
          serial_undead_e, serial_undead_c, serial_undead_d, serial_undead_a,
          uniq_robin
D:3:      layout_basic, grunt_ministairs_6
D:4:      layout_basic, kennysheep_mini_moat, minitemple, serial_shops, shop,
          shop, nicolae_shop_behind_doors, uniq_blork_the_orc, uniq_natasha
D:5:      layout_cave_pools, slow_altar_2, minmay_temple_entry_glass,
          first_ration, serial_shops, nicolae_shop_behind_doors,
          minmay_stone_trees_small, uniq_crazy_yiuf_cottage
D:6:      layout_gridville, chequers_temple_overflow_minitemple, uniq_grinder
D:7:      layout_gridville
D:8:      layout_cave_pods, overflow_temple_1_default,
          hangedman_pestilent_swarm, minmay_checkerbox, uniq_harold
D:9:      layout_rooms, kennysheep_orc_monster_closet_entryway, uniq_erica
D:10:     layout_rooms, david_lair_shrubbed, serial_shops,
          nicolae_shop_competitors_out_of_business, special_room
          [special_room_orc], minmay_strange_pillars
Temple:   nicolae_temple_x_marks_the_god

Skill      XL: |  1  2  3  4  5  6  7  8  9 10 |
---------------+-------------------------------+-----
Stealth        | 4 5 7 |  7.5
Spellcasting   | 3 4 5 6 8 |  8.0
Necromancy     | 4 5 |  5.0
Shields        | 1 2 3 4 5 |  5.6
Charms         | 2 4 5 |  5.6
Evocations     | 2 4 |  4.9
Slings         | 2 4 6 7 |  7.7
Fighting       | 1 2 3 |  3.4
Dodging        | 4 |  4.7
Invocations    | 3 4 |  4.4

Action                   |  1- 3 |  4- 6 |  7- 9 | 10-12 || total
-------------------------+-------+-------+-------+-------++-------
Melee: Dagger            |    19 |    65 |   262 |   129 ||   475
 Fire: Hunting sling     |       |       |    95 |    18 ||   113
Throw: Stone             |     7 |       |       |       ||     7
       Boomerang         |       |    22 |     6 |     2 ||    30
 Cast: Pain              |    65 |   117 |   203 |    51 ||   436
       Regeneration      |       |     5 |     5 |     7 ||    17
       Vampiric Draining |       |     7 |    21 |    11 ||    39
Invok: Heroism           |       |       |     1 |     1 ||     2
Evoke: Wand              |       |       |     9 |     3 ||    12
  Use: Scroll            |     4 |     2 |     9 |     3 ||    18
       Potion            |       |       |       |     1 ||     1
 Stab: Sleeping          |     5 |     2 |     3 |     6 ||    16
       Paralysed         |       |       |     9 |     1 ||    10
       Distracted        |       |       |     1 |       ||     1
  Eat: Ration            |       |     2 |     4 |     1 ||     7
Armor: Robe              |     7 |     4 |    15 |     4 ||    30
       Skin              |       |       |       |     1 ||     1
Dodge: Dodged            |    19 |    63 |   245 |    88 ||   415
Block: Buckler           |     1 |    13 |   106 |    54 ||   174

Table legend:
 A = Non-vault XP
 B = Vault XP
 C = Vault XP percentage of total XP
 D = Non-vault monster count
 E = Vault monster count
 F = Vault count percentage of total count
                 A         B        C        D         E       F
            +---------+---------+-------+---------+---------+-------
      Total |    7229 |    1153 |  13.8 |     202 |      37 |  15.5
            +---------+---------+-------+---------+---------+-------
        D:1 |      40 |       0 |   0.0 |      21 |       0 |   0.0
        D:2 |      73 |      50 |  40.7 |      26 |      20 |  43.5
        D:3 |      34 |       7 |  17.1 |      12 |       2 |  14.3
        D:4 |     335 |     138 |  29.2 |      13 |       2 |  13.3
        D:5 |     632 |      52 |   7.6 |      27 |       2 |   6.9
        D:6 |    1648 |     249 |  13.1 |      32 |       1 |   3.0
        D:7 |     665 |       0 |   0.0 |      21 |       0 |   0.0
        D:8 |    1546 |     522 |  25.2 |      26 |       7 |  21.2
        D:9 |    2256 |       0 |   0.0 |      24 |       0 |   0.0
       D:10 |       0 |     135 | 100.0 |       0 |       3 | 100.0
            +---------+---------+-------+---------+---------+-------
